 Dungeon Crawl Stone Soup version 0.26.0-20-g3ca415f5b8 (webtiles) character file.

Game seed: 8018909794512257102

54 EnegeticOcto the Chopper (level 3, -7/34 HPs)
             Began as a Gargoyle Berserker on Jan 24, 2021.
             Was a Believer of Trog.
             Mangled by an ogre
             ... wielding a +0 giant club
              (15 damage)
             ... on level 4 of the Dungeon.
             The game lasted 00:02:15 (475 turns).

EnegeticOcto the Chopper (Gargoyle Berserker)        Turns: 475, Time: 00:02:15

Health: -7/34      AC:  9    Str: 21    XL:     3   Next: 91%
Magic:  3/3        EV: 11    Int:  7    God:    Trog [**....]
Gold:   138        SH:  0    Dex:  9    Spells: 2/2 levels left

rFire    . . .     SeeInvis .   a - +0 hand axe
rCold    . . .     Faith    .   (no shield)
rNeg     + . .     Spirit   .   f - +0 ring mail
rPois    ∞         Reflect  .   m - +0 helmet
rElec    +         Harm     .   (no cloak)
rCorr    .         Rampage  .   (no gloves)
Will     .....                  (no boots)
Stlth    ..........             (no amulet)
HPRegen  0.11/turn              (no ring)
MPRegen  0.08/turn              (no ring)

@: berserking, very quick
A: negative energy resistance 1, electricity resistance, unbreathing,
petrification resistance, miasma immunity, AC +3
a: Renounce Religion, Berserk, Trog's Hand


You were on level 4 of the Dungeon.
You worshipped Trog.
Trog was pleased with you.
You visited 1 branch of the dungeon, and saw 4 of its levels.

You collected 138 gold pieces.

Inventory:

Hand Weapons
 a - a +0 hand axe (weapon)
Armour
 b - a +0 animal skin
 f - a +0 ring mail (worn)
   (You found it on level 1 of the Dungeon)
 m - a +0 helmet (worn)
   (You found it on level 3 of the Dungeon)
Scrolls
 c - 2 scrolls of teleportation {unknown}
 e - 4 scrolls of identify {unknown}
 g - 3 scrolls of fog {unknown}
 i - a scroll of noise {unknown}
 k - a scroll of magic mapping {unknown}
 l - 3 scrolls of remove curse {unknown}
 o - a scroll of fear {unknown}
Potions
 d - a potion of curing {unknown}
 h - a potion of might {unknown}
 j - a potion of ambrosia {unknown}
 n - a potion of haste {unknown}


   Skills:
 - Level 3.2 Fighting
 * Level 4.2 Axes
 - Level 2.1 Armour
 - Level 1.5 Dodging


You had 2 spell levels left.
You didn't know any spells.
Your spell library was empty.

Dungeon Overview and Level Annotations

Branches:
Dungeon (4/15)
 Temple: D:4-7

Altars:
Ashenzari
Cheibriados
Dithmenos
Elyvilon
Okawaru
Vehumet

Annotations:
D:4 1 runed translucent door, Dowan


Innate Abilities, Weirdness & Mutations

You are resistant to torment.
Your stone body is resilient. (AC +3)
You are immune to poison.
You resist negative energy. (rN+)
You are resistant to electric shocks. (rElec)
You can survive without breathing.
You are immune to petrification.
You are immune to miasma.


Message History

Trog accepts your kill.
You barely miss the rat. The rat misses you. The goblin closely misses you.
You hit the dart slug.
You kill the dart slug!
Trog accepts your kill.
You closely miss the rat. You hit the goblin. The rat barely misses you.
The goblin barely misses you. The rat bites you but does no damage.
You see here a dart slug corpse.
You hit the goblin.
You kill the goblin!
Trog accepts your kill.
You barely miss the rat. The rat bites you but does no damage.
The rat barely misses you.
You slash the frilled lizard!
You kill the frilled lizard!
Trog accepts your kill.
You barely miss the rat. The rat bites you but does no damage.
You hit the rat.
You kill the rat!
Trog accepts your kill.
No target in view!
No target in view!
l - 2 scrolls labelled EQOSSOCSIU
Things that are here:
a +0 club; a +0 chain mail; a goblin corpse You see here a helmet.
You start putting on your armour.
You continue putting on your helmet. x4
You finish putting on your +0 helmet. 2 adders come into view.
The adder hisses angrily. x2
A red film seems to cover your vision as you go berserk!
You feel yourself moving faster!
You feel mighty! The adder closely misses you. The adder barely misses you.
You barely miss the adder. You closely miss the adder.
The adder barely misses you. The adder bites you.
You slash the adder!
You kill the adder!
Trog accepts your kill.
You can now call upon Trog for regeneration and willpower.
You hit the adder. The adder closely misses you.
Your Axes skill increases to level 4!
The adder closely misses you.
You see here an adder corpse.
You miss the adder.
The adder is lightly wounded.
The adder barely misses you.
You miss the adder.
The adder is lightly wounded.
The adder bites you but does no damage.
You slash the adder!
You kill the adder!
Trog accepts your kill.
You feel a strong urge to attack something.
There is a white marble altar of Elyvilon here.
You are no longer berserk.
You are exhausted.
You feel yourself slow down.
n - a lumpy blue potion A worm and a hobgoblin come into view.
The hobgoblin shouts!
There is a stone staircase leading down here.
You climb downwards.
There is a stone staircase leading up here.
You open the door.
Found a broken altar of Ashenzari.
There is an open door here.
Found a scroll labelled KOB YFAAQYLOLA.
Found 8 gold pieces.
Found a scroll labelled JUOTAU ROLUEN.
Found a scroll labelled EQOSSOCSIU.
Found a stone staircase leading down.
You feel yourself speed up.
You now have 138 gold pieces (gained 8).
e - 4 scrolls labelled KOB YFAAQYLOLA (gained 1)
An ogre comes into view. It is wielding a +0 giant club.
The ogre shouts!
The ogre moves out of view.
You see here a scroll labelled JUOTAU ROLUEN.
o - a scroll labelled JUOTAU ROLUEN You see here a scroll labelled EQOSSOCSIU.
l - 3 scrolls labelled EQOSSOCSIU (gained 1)
You recover from your berserk rage.
The adder hisses angrily.
Dowan, Brother of Duvessa comes into view.
He is wielding a +0 dagger.
Found a scroll labelled IMOSME ITENUT.
Found an escape hatch in the floor.
Found a runed translucent gate.
Found a throwing net.
Found a scroll labelled QEMAIM FIMURRA.
A red film seems to cover your vision as you go berserk!
You feel yourself moving faster!
You feel mighty!
You closely miss the ogre. You slash the ogre!
The ogre is heavily wounded.
The ogre hits you with a +0 giant club!!
Ouch! That really hurt!
* * * LOW HITPOINT WARNING * * *
You slash the ogre!
The ogre is almost dead.
The ogre hits you with a +0 giant club!
You die...

.S #............ ..
+###..........# #.
......>....###.# #
##.......#.##.# #..
#.####........#....###..
#....#..............##..
#####....O#..............
.......O###..............
........@##..............
..(..>.?.................
.....?....##.............
......#..................
####+..##................
#.. ...........###'# #..
...........#≈≈.≈ #..
...........#≈⌠.⌠
........+.._.


You could see an ogre.

Vanquished Creatures
  3 adders (D:3)
  An adder skeleton (D:2)
  A worm (D:2)
  A dart slug (D:3)
  2 leopard geckos
  A bat (D:3)
  A giant cockroach (D:1)
  3 goblins (D:3)
  A hobgoblin (D:3)
  3 frilled lizards
  A kobold (D:2)
  2 rats (D:3)
20 creatures vanquished.

Vanquished Creatures (others)
  3 fungi (D:1)
3 creatures vanquished.

Grand Total: 23 creatures vanquished

Notes
Turn   | Place    | Note
-------+----------+-------------------------------------------
     0 | D:1      | EnegeticOcto the Gargoyle Berserker began the quest for the
                  | Orb.
     0 | D:1      | Reached XP level 1. HP: 14/14 MP: 1/1
   214 | D:2      | Found a radiant altar of Vehumet.
   214 | D:2      | Found a shadowy altar of Dithmenos.
   221 | D:2      | Reached skill level 3 in Axes
   222 | D:2      | Reached XP level 2. HP: 19/19 MP: 2/2
   342 | D:3      | Found an iron altar of Okawaru.
   350 | D:3      | Reached XP level 3. HP: 20/23 MP: 3/3
   380 | D:3      | Found a snail-covered altar of Cheibriados.
   390 | D:3      | Found a white marble altar of Elyvilon.
   414 | D:3      | Reached ** piety under Trog
   415 | D:3      | Reached skill level 4 in Axes
   445 | D:4      | Found a broken altar of Ashenzari.
   462 | D:4      | Noticed an ogre
   467 | D:4      | Found a runed translucent gate.
   467 | D:4      | Noticed Dowan
   475 | D:4      | Mangled by an ogre

Illustrated notes

Levels and vault maps discovered:
D:1:      ncdulo_halloftheorcs, layout_rooms, minmay_gold_behind_fungi
D:2:      layout_rooms, grunt_temple_overflow_growth_and_decay,
          gammafunk_temple_overflow_pools, grunt_qazlal_clouds,
          minmay_misc_feat_chi, uniq_sigmund
D:3:      layout_loops_ring, okawaru_gym_becter, old_standard_altar,
          kennysheep_slug_shrine
D:4:      layout_layer_cave, kennysheep_little_box,
          nicolae_ru_great_annihilating_truth, minmay_temple_entry_glass,
          gammafunk_ghost_split, uniq_edmund, uniq_menkaure, uniq_duvessa

Skill      XL: |  1  2  3 |
---------------+----------+-----
Axes           | 3 4 |  4.2
Fighting       | |  3.2
Armour         | |  2.1
Dodging        | |  1.5

Action                   || total
-------------------------++-------
Melee: Hand axe          ||    66
Invok: Berserk           ||     3
Armor: Ring mail         ||    32
       Animal skin       ||     5
Dodge: Dodged            ||    66
